 Dungeon Crawl Stone Soup version 0.30-a0-726-gd89dcf765f (webtiles) character file.

Game seed: 11216824632953806111

10887 Newt the Covert (level 11, -11/81 HPs)
             Began as a Demonspawn Gladiator on Jan 29, 2023.
             Was a Believer of Dithmenos.
             Mangled by a very large slime creature (44 damage)
             ... on level 9 of the Dungeon.
             The game lasted 00:13:51 (8371 turns).

Newt the Covert (Demonspawn Gladiator)              Turns: 8371, Time: 00:13:52

Health: -11/81     AC: 13    Str: 15    XL:     11   Next: 42%
Magic:  11/11      EV: 18    Int: 15    God:    Dithmenos [**....]
Gold:   376        SH:  4    Dex: 27    Spells: 10/10 levels left

rFire   . . .      SeeInvis .    a - +2 dagger (venom)
rCold   + . .      Faith    .    (no shield)
rNeg    . . .      Spirit   .    q - +0 troll leather armour {Pargi}
rPois   +          Reflect  .    (helmet restricted)
rElec   .          Harm     .    o - +0 cloak
rCorr   .          Rampage  .    g - +0 pair of gloves
Will    .....      Clarity  +    y - +2 pair of boots "Wigan" {Contam Fly Int+6 Slay+3}
Stlth   ++++++++                 (no amulet)
HPRegen 1.13/turn                F - ring of Vooqeiq {rPois rC+ Will- Str+2 Dex+2}
MPRegen 0.12/turn                (no ring)

@: flying, wreathed by umbra
A: claws 1, thin skeletal structure 1, icemail 1, powered by death 2,
condensation shield, horns 1, agile 1, clarity
a: Renounce Religion, Shadow Step


You were on level 9 of the Dungeon.
You worshipped Dithmenos.
Dithmenos was pleased with you.
You visited 2 branches of the dungeon, and saw 10 of its levels.
You also visited: Sewer.

You collected 514 gold pieces.
You spent 138 gold pieces at shops.

Inventory:

Hand Weapons
 a - a +2 dagger of venom (weapon)
 b - a +4 heavy short sword
 f - a +0 rapier
 B - a +2 dagger of flaming
Missiles
 e - a javelin (quivered)
 H - 10 poisoned darts
Armour
 c - a +0 helmet
 g - a +0 pair of gloves (worn)
 m - the +0 helmet "Borgh" {rC+}
   (You found it on level 2 of the Dungeon)

   rC:        It protects you from cold.
 o - a +0 cloak (worn)
 q - a +0 troll leather armour (worn) {Pargi}
 y - the +2 pair of boots "Wigan" (worn) {Contam Fly Int+6 Slay+3}
   (You acquired it on level 4 of the Dungeon)

   Int:       It affects your intelligence (+6).
   Slay:      It affects your accuracy & damage with ranged weapons and melee
   (+3).
   Fly:       It grants you flight.
   Contam:    It causes magical contamination when unequipped.
 E - a +0 leather armour
 N - +0 acid dragon scales
Jewellery
 F - the ring of Vooqeiq (left hand) {rPois rC+ Will- Str+2 Dex+2}
   (You found it on level 5 of the Dungeon)

   [ring of poison resistance]

   Str:       It affects your strength (+2).
   Dex:       It affects your dexterity (+2).
   rC:        It protects you from cold.
   rPois:     It protects you from poison.
   Will:      It decreases your willpower.
 L - a ring of flight
 Q - an amulet of regeneration
Wands
 l - a wand of mindburst (4)
 n - a wand of digging (5)
 z - a wand of light (7)
 C - a wand of paralysis (4)
 R - a wand of iceblast (6)
Scrolls
 h - 2 scrolls of fear
 i - a scroll of amnesia
 j - 6 scrolls of teleportation
 k - 3 scrolls of poison
 s - 4 scrolls of noise
 t - 2 scrolls of blinking
 x - 3 scrolls of fog
 J - a scroll of immolation
 M - 3 scrolls of enchant armour
Potions
 p - 2 potions of cancellation
 r - 3 potions of curing
 u - 2 potions of heal wounds
 v - 2 potions of might
 w - 4 potions of haste
 A - 2 potions of ambrosia {unknown}
 D - 4 potions of flight
 G - 2 potions of lignification {unknown}
 I - a potion of degeneration {unknown}
 O - 2 potions of invisibility
 P - a potion of attraction {unknown}
 S - a potion of magic {unknown}


   Skills:
 - Level 6.0 Fighting
 - Level 10.0 Short Blades
 - Level 1.7 Throwing
 + Level 7.5 Dodging
 - Level 10.0 Stealth
 - Level 6.0 Evocations


You had 10 spell levels left.
You didn't know any spells.
Your spell library contained the following spells:

 Spells                   Type           Power      Damage    Failure   Level
 Sandblast                Erth           0%         2d4       32%         1
 Blink                    Tloc           0%         N/A       45%         2
 Ensorcelled Hibernation  Hex/Ice        0%         N/A       45%         2
 Lesser Beckoning         Tloc           0%         N/A       45%         2
 Momentum Strike          Conj/Tloc      0%         3d8       45%         2
 Passwall                 Tmut/Erth      0%         N/A       45%         2
 Call Canine Familiar     Summ           0%         N/A       69%         3
 Portal Projectile        Hex/Tloc       0%         N/A       69%         3
 Stone Arrow              Conj/Erth      0%         3d7       69%         3
 Swiftness                Air            0%         N/A       69%         3
 Leda's Liquefaction      Hex/Erth       0%         N/A       97%         4


Dungeon Overview and Level Annotations

Branches:
Dungeon (9/15)             Temple (1/1) D:7           Sewer (visited)
   Lair: D:8-11         Orc: D:9-12

Altars:
Ashenzari
Cheibriados
Dithmenos
Fedhas
Gozag
Kikubaaqudgha
Makhleb
Nemelex Xobeh
Okawaru
Qazlal
Ru
Sif Muna
Trog
Uskayaw
Vehumet
Wu Jian
Xom
Yredelemnul

Shops:
D:1 *   D:8 *

Annotations:
D:6 1 runed translucent door, Hamu's ghost, novice GnWn
D:7 2 transporters


Innate Abilities, Weirdness & Mutations

You have sharp fingernails.
You have a somewhat thin skeletal structure. (Dex +2, Stealth+)
A meltable icy envelope protects you from harm. (AC +4)
You regenerate health from kills.
A meltable shield of frost defends you. (SH +4)
You have a pair of small horns on your head.
You are agile. (Dex +4, Str/Int -1)
You possess an exceptional clarity of mind.


Message History

3 slime creatures come into view.
The slime creature quivers.
Two slime creatures merge to form a large slime creature.
A slime creature comes into view.
There are monsters nearby!
Two slime creatures merge to form a very large slime creature.
Two slime creatures merge to form an enormous slime creature.
You see here a komodo dragon corpse.
You see here a bullfrog corpse.
You start waiting.
Done waiting.
You start waiting.
Done waiting.
You see here a bullfrog skeleton.
You see here a komodo dragon skeleton.
You catch the helpless slime creature completely off-guard!
You perforate the slime creature like a sieve!!!
The slime creature is almost dead.
The slime creature quivers. x3
You hit the slime creature.
The slime creature is poisoned.
You headbutt the slime creature.
The slime creature is almost dead.
Two slime creatures merge to form a large slime creature.
The slime creature hits you.
You puncture the slime creature!
You kill the slime creature!
Dithmenos accepts your kill. The large slime creature hits you.
Two slime creatures merge to form a very large slime creature.
You puncture the very large slime creature!
You headbutt the very large slime creature.
The very large slime creature is lightly wounded.
The very large slime creature attacks as you move away!
The very large slime creature hits you!!!
Ouch! That really hurt!
You see here a komodo dragon skeleton.
The very large slime creature attacks as you move away!
The very large slime creature hits you!!!
Ouch! That really hurt!
You die...

###..# #....# #....#
...# #.########
#........# ##.###.###..
#.J# # #÷@# #..#
#..######### ######
#..........# #..... #
##.........###..#..
#.#...........÷...#..
##....................
#.............##.......
##..........#.##..##.#.


You could see a very large slime creature.

Vanquished Creatures
  A catoblepas (D:8)
  3 two-headed ogres
  A manticore (D:8)
  An ugly thing (D:8)
  A cyclops (D:8)
  A kobold demonologist (D:8)
  2 komodo dragons (D:9)
  2 hornets (D:8)
  A troll (D:8)
  A slime creature (D:9)
  Sigmund (D:7)
  A shadow (D:8)
  2 yaks (D:9)
  A wyvern (D:9)
  2 steam dragons
  Edmund (D:7)
  3 water moccasins
  An acid dragon (D:8)
  Pargi (Sewer)
  2 orc warriors (D:9)
  4 ogres
  2 sky beasts
  6 centaurs
  2 kobold brigands
  2 phantoms
  4 bullfrogs
  A necrophage (D:4)
  4 scorpions
  6 wights
  4 howler monkeys
  A crimson imp (D:5)
  6 orc priests
  3 hounds
  10 jellies
  Crazy Yiuf (D:2)
  6 iguanas
  16 orc wizards
  7 gnolls
  9 adders
  A white imp (D:5)
  An ufetubus (D:5)
  2 worms
  2 dart slugs (D:1)
  28 orcs
  9 ball pythons
  7 bats
  9 endoplasms
  6 giant cockroaches
  6 goblins
  10 hobgoblins
  4 jackals
  4 quokkas
  2 frilled lizards
  14 kobolds
  8 rats
236 creatures vanquished.

Vanquished Creatures (others)
  A deep elf pyromancer (D:8)
  A sky beast (D:8)
  6 fungi
  2 plants (D:9)
10 creatures vanquished.

Grand Total: 246 creatures vanquished

Notes
Turn   | Place    | Note
-------+----------+-------------------------------------------
     0 | D:1      | Newt the Demonspawn Gladiator began the quest for the Orb.
     0 | D:1      | Reached XP level 1. HP: 16/16 MP: 1/1
    39 | D:1      | Reached skill level 1 in Stealth
    84 | D:1      | Gained mutation: You have a somewhat thin skeletal
                  | structure. (Dex +2, Stealth+) [demonic ancestry]
    84 | D:1      | Reached XP level 2. HP: 21/22 MP: 2/2
   115 | D:1      | Found Makal's General Store.
   124 | D:1      | Bought a scroll of identify for 28 gold pieces
   926 | D:2      | Gained mutation: You regenerate a little health from kills.
                  | [demonic ancestry]
   926 | D:2      | Reached XP level 3. HP: 27/28 MP: 3/3
  1145 | D:2      | Identified the +0 helmet "Borgh" {rC+}
  1929 | D:2      | Found a runed translucent door.
  1930 | D:2      | Noticed Crazy Yiuf
  1937 | D:2      | Killed Crazy Yiuf
  1938 | D:2      | Gained mutation: You have sharp fingernails. [demonic
                  | ancestry]
  1938 | D:2      | Reached XP level 4. HP: 37/37 MP: 4/4
  2704 | D:4      | Gained mutation: A meltable shield of frost defends you.
                  | (SH +4) [demonic ancestry]
  2704 | D:4      | Reached XP level 5. HP: 42/42 MP: 5/5
  2797 | D:4      | Found a glowing drain.
  2830 | Sewer    | Entered a sewer
  2900 | Sewer    | Noticed Pargi
  2911 | Sewer    | Killed Pargi
  2912 | Sewer    | Reached skill level 5 in Short Blades
  2912 | Sewer    | Gained mutation: A meltable icy envelope protects you from
                  | harm. (AC +4) [demonic ancestry]
  2912 | Sewer    | Reached XP level 6. HP: 39/48 MP: 6/6
  3189 | D:4      | Gained mutation: You regenerate health from kills. [demonic
                  | ancestry]
  3189 | D:4      | Reached XP level 7. HP: 37/54 MP: 7/7
  3206 | D:4      | Identified a scroll of acquirement
  3206 | D:4      | Acquired the +2 pair of boots "Wigan" {Contam Fly Int+6
                  | Slay+3}
  3920 | D:5      | Entered Level 5 of the Dungeon
  3955 | D:5      | Found an ornate altar of the Wu Jian Council.
  3967 | D:5      | Paralysed by an orc for 4 turns
  4083 | D:5      | Reached skill level 5 in Stealth
  4087 | D:5      | Identified the ring of Vooqeiq {rPois rC+ Will- Str+2
                  | Dex+2}
  4400 | D:5      | Reached XP level 8. HP: 60/60 MP: 8/8
  4419 | D:5      | Found a shimmering altar of Xom.
  4419 | D:5      | Found a burning altar of Makhleb.
  4698 | D:6      | Reached skill level 5 in Dodging
  4817 | D:6      | Found a runed translucent door.
  4818 | D:6      | Found a shimmering altar of Xom.
  4818 | D:6      | Noticed Hamu's ghost (novice GnWn)
  4818 | D:6      | Noticed a +0 falchion of chaos
  5002 | D:6      | Noticed an air elemental
  5004 | D:6      | Found a stormy altar of Qazlal.
  5125 | D:6      | Reached skill level 5 in Evocations
  5228 | D:7      | Found a staircase to the Ecumenical Temple.
  5264 | D:7      | Reached XP level 9. HP: 65/65 MP: 9/9
  5361 | Temple   | Entered the Ecumenical Temple
  5381 | Temple   | Became a worshipper of Dithmenos the Shadowed
  5422 | D:7      | Reached skill level 5 in Fighting
  5489 | D:7      | Noticed a gargoyle
  5492 | D:7      | Noticed a kobold demonologist
  5508 | D:7      | Noticed a troll
  5516 | D:7      | Noticed a troll
  5529 | D:7      | Found a transporter.
  5652 | D:7      | Found a transporter.
  5661 | D:7      | Found a sacrificial altar of Ru.
  5747 | D:7      | Gained mutation: You are somewhat resistant to further
                  | mutation. [potion of mutation]
  5999 | D:7      | Noticed Edmund
  6003 | D:7      | Noticed Sigmund
  6013 | D:7      | Killed Edmund
  6027 | D:7      | Killed Sigmund
  6211 | D:7      | Noticed a troll
  6406 | D:8      | Noticed a two-headed ogre
  6408 | D:8      | Killed a two-headed ogre
  6409 | D:8      | Reached XP level 10. HP: 76/76 MP: 10/10
  6487 | D:8      | Noticed a purple ugly thing
  6498 | D:8      | Killed a purple ugly thing
  6507 | D:8      | Reached * piety under Dithmenos
  6508 | D:8      | Reached skill level 10 in Stealth
  6510 | D:8      | Noticed a manticore
  6540 | D:8      | Killed a manticore
  6926 | D:8      | Noticed a deep elf pyromancer
  6926 | D:8      | Noticed a cyclops
  6927 | D:8      | Noticed a catoblepas
  6938 | D:8      | Killed a deep elf pyromancer
  6956 | D:8      | Killed a cyclops
  6990 | D:8      | Killed a catoblepas
  7120 | D:8      | Found Nemuf's Island Escapes.
  7128 | D:8      | Bought a potion of flight for 30 gold pieces
  7128 | D:8      | Bought a potion of invisibility for 80 gold pieces
  7309 | D:8      | Lost mutation: You are somewhat resistant to further
                  | mutation. [potion of mutation]
  7309 | D:8      | Gained mutation: You are somewhat resistant to further
                  | mutation. [potion of mutation]
  7309 | D:8      | Gained mutation: You are somewhat resistant to both further
                  | mutation and mutation removal. [potion of mutation]
  7310 | D:8      | Lost mutation: You are somewhat resistant to both further
                  | mutation and mutation removal. [potion of mutation]
  7310 | D:8      | Lost mutation: You are somewhat resistant to further
                  | mutation. [potion of mutation]
  7310 | D:8      | Gained mutation: You occasionally shout uncontrollably at
                  | your foes. [potion of mutation]
  7311 | D:8      | Lost mutation: You occasionally shout uncontrollably at
                  | your foes. [potion of mutation]
  7311 | D:8      | Gained mutation: You are agile. (Dex +4, Str/Int -1)
                  | [potion of mutation]
  7312 | D:8      | Lost mutation: You are agile. (Dex +4, Str/Int -1) [potion
                  | of mutation]
  7312 | D:8      | Gained mutation: You have a pair of small horns on your
                  | head. [potion of mutation]
  7312 | D:8      | Gained mutation: You sometimes lose your temper in combat.
                  | [potion of mutation]
  7312 | D:8      | Gained mutation: You are strong-willed. (Will+) [potion of
                  | mutation]
  7313 | D:8      | Lost mutation: You are strong-willed. (Will+) [potion of
                  | mutation]
  7313 | D:8      | Lost mutation: You sometimes lose your temper in combat.
                  | [potion of mutation]
  7313 | D:8      | Gained mutation: You possess an exceptional clarity of
                  | mind. [potion of mutation]
  7313 | D:8      | Gained mutation: You are agile. (Dex +4, Str/Int -1)
                  | [potion of mutation]
  7355 | D:9      | Noticed a soul eater
  7577 | D:9      | Reached XP level 11. HP: 81/81 MP: 11/11
  7579 | D:9      | Noticed a two-headed ogre
  7627 | D:9      | Killed a two-headed ogre
  7628 | D:9      | Reached skill level 10 in Short Blades
  7727 | D:9      | Reached ** piety under Dithmenos
  7728 | D:9      | Noticed a two-headed ogre
  7751 | D:9      | Killed a two-headed ogre
  7915 | D:9      | Found a blossoming altar of Fedhas.
  8371 | D:9      | Mangled by a very large slime creature

Illustrated notes

Levels and vault maps discovered:
D:1:      shiori_arrival_maze, layout_basic, serial_shops, nicolae_shop_crystal,
          due_unseen_surprise
D:2:      layout_basic, uniq_crazy_yiuf_cottage
D:3:      layout_basic
D:4:      layout_basic, gup_sewer_entry_glass, minmay_pentangle
D:5:      layout_loops_cross, mainiacjoe_overflow_boulevard,
          grunt_temple_overflow_champion_of_chaos
D:6:      layout_gridville, nicolae_qazlal_style_of_elements, ebering_ghost_xom
D:7:      gammafunk_the_bubble [the_bubble_gammafunk_crates], layout_basic,
          nicolae_ru_great_annihilating_truth, minmay_temple_entry_ruins,
          sigmund_edmund_badplayer
D:8:      nzn_winding_woodlands_three_and_one
          [nzn_winding_woodlands_5x15_crooked,
          nzn_winding_woodlands_5x15_jagged, nzn_winding_woodlands_5x15_default,
          nzn_winding_woodlands_center_triple_pond], layout_basic,
          nicolae_island_escapes
D:9:      minmay_s_stair_smasher, layout_cave_pools, fedhas_altar_3,
          erik_lair_dragon, ebering_ghost_disaster_area
Temple:   minmay_freezing_vapour_temple

Skill      XL: |  1  2  3  4  5  6  7  8  9 10 11 |
---------------+----------------------------------+-----
Stealth        | 1 2 6 9 10 | 10.0
Fighting       | 3 4 6 |  6.0
Short Blades   | 3 5 6 9 10 | 10.0
Dodging        | 5 7 |  7.5
Evocations     | 5 6 |  6.0
Throwing       | |  1.7

Action                     |  1- 3 |  4- 6 |  7- 9 | 10-12 || total
---------------------------+-------+-------+-------+-------++-------
  Melee: Rapier            |    16 |       |       |       ||    16
         Dagger            |    94 |   182 |   357 |   295 ||   928
         Punch             |       |     4 |     4 |     7 ||    15
         Headbutt          |       |       |       |    62 ||    62
         Short sword       |       |       |       |    13 ||    13
  Throw: Throwing net      |     1 |     2 |     2 |     2 ||     7
         Javelin           |       |       |     1 |       ||     1
  Evoke: Wand              |     2 |       |       |     5 ||     7
    Use: Scroll            |     6 |     5 |     6 |     4 ||    21
         Potion            |       |       |     2 |     5 ||     7
   Stab: Sleeping          |    10 |     8 |    17 |     1 ||    36
         Held in net/web   |       |     1 |     2 |     2 ||     5
         Distracted        |       |       |     1 |     4 ||     5
         Paralysed         |       |       |     1 |     1 ||     2
         Invisible         |       |       |       |     1 ||     1
 Armour: Leather armour    |    30 |    37 |       |       ||    67
         Troll leather arm |       |    11 |   102 |    92 ||   205
  Dodge: Dodged            |    71 |    80 |   165 |   219 ||   535
  Block: Other             |       |    22 |    30 |    50 ||   102

Table legend: (Time is in decaauts)
 A = Elapsed time spent in this place.
 B = Non-inter-level travel time spent in this place.
 C = Inter-level travel time spent in this place.
 D = Time resting spent in this place.
 E = Time spent auto-exploring this place.
 F = Levels seen in this place.
 G = Mean time per level.
                   A        B        C        D        E       F      G
               +--------+--------+--------+--------+--------+-----+--------+
         Total |   8079 |   7826 |    253 |   1201 |   4841 |  11 |  734.5 |
       Dungeon |   7895 |   7643 |    252 |   1201 |   4770 |   9 |  877.2 |
        Temple |     25 |     25 |      0 |      0 |     11 |   1 |   25.0 |
         Sewer |    158 |    158 |      0 |      0 |     60 |   1 |  158.0 |
               +--------+--------+--------+--------+--------+-----+--------+

Top non-repeatable levels by time:
     D:8: 1106 daAuts
     D:1: 1093 daAuts
     D:7: 1065 daAuts
     D:4: 1044 daAuts
     D:2: 862 daAuts
     D:9: 780 daAuts
     D:3: 720 daAuts
     D:5: 651 daAuts
     D:6: 569 daAuts
   Sewer: 158 daAuts
  Temple: 25 daAuts
